 Dungeon Crawl Stone Soup version 0.22-a0-425-g89d60a1 (webtiles) character file.

590 Firebatgyro the Grasshopper (level 7, 0/56 HPs)
             Began as a Gnoll Warper on May 23, 2018.
             Slain by an ogre
             ... wielding a +0 giant spiked club
              (30 damage)
             ... on level 5 of the Dungeon on May 24, 2018.
             The game lasted 00:07:18 (4125 turns).

Firebatgyro the Grasshopper (Gnoll Warper)          Turns: 4125, Time: 00:07:18

Health: 0/56       AC:  4    Str: 15    XL:     7   Next: 39%
Magic:  13/15      EV: 15    Int: 15    God:
Gold:   209        SH:  0    Dex: 15    Spells: 13/17 levels left

rFire    . . .     SeeInvis .   y - +0 long sword
rCold    . . .     Gourm    .   (no shield)
rNeg     . . .     Faith    .   c - +0 leather armour {MR+}
rPois    .         Spirit   .   (no helmet)
rElec    .         Reflect  .   (no cloak)
rCorr    .         Harm     .   (no gloves)
MR       ++...                  n - +0 pair of boots
Stlth    ++........             (no amulet)
HPRegen  0.18/turn              m - ring of flight
MPRegen  0.14/turn              o - ring of protection from magic

@: shrouded
A: distributed training, fangs 1, strong nose
a: Evoke Flight


You were on level 5 of the Dungeon.
You were not hungry.

You visited 2 branches of the dungeon, and saw 6 of its levels.

You collected 209 gold pieces.

Inventory:

Hand Weapons
 a - a +0 falchion
 t - a +0 blowgun
 y - a +0 long sword (weapon)
Missiles
 e - 3 tomahawks of dispersal (quivered)
 p - 38 poisoned needles
Armour
 c - a +0 leather armour of magic resistance (worn)
 n - a +0 pair of boots (worn)
Jewellery
 m - a ring of flight (left hand)
 o - a ring of protection from magic (right hand)
Wands
 z - a wand of iceblast (11)
Scrolls
 d - a scroll of blinking
 j - 2 scrolls of remove curse
 k - 2 scrolls of identify
 u - a scroll of fear
 w - a scroll of noise {unknown}
 x - a scroll of teleportation {unknown}
 C - a scroll of enchant weapon {unknown}
Potions
 b - a potion of ambrosia {unknown}
 g - a potion of might
 h - 2 potions of brilliance {unknown}
 i - 4 potions of curing {unknown}
 l - a potion of heal wounds {unknown}
 q - a potion of haste {unknown}
 r - a potion of degeneration {unknown}
 s - a potion of mutation {unknown}
 v - a potion of lignification {unknown}
 A - a potion of flight {unknown}
Comestibles
 f - 10 rations


   Skills:
 + Level 5.2 Fighting
 + Level 2.4 Short Blades
 + Level 5.2 Long Blades
 + Level 2.4 Axes
 + Level 2.4 Maces & Flails
 + Level 2.4 Polearms
 + Level 2.4 Staves
 + Level 2.4 Slings
 + Level 2.4 Bows
 + Level 2.4 Crossbows
 + Level 3.5 Throwing
 + Level 3.5 Armour
 + Level 5.2 Dodging
 + Level 2.4 Stealth
 + Level 2.4 Shields
 + Level 2.4 Unarmed Combat
 + Level 5.6 Spellcasting
 + Level 2.0 Conjurations
 + Level 2.0 Hexes
 + Level 2.0 Charms
 + Level 2.0 Summonings
 + Level 2.0 Necromancy
 + Level 5.8 Translocations
 + Level 2.0 Transmutations
 + Level 2.0 Fire Magic
 + Level 2.0 Ice Magic
 + Level 2.0 Air Magic
 + Level 2.0 Earth Magic
 + Level 2.0 Poison Magic
 + Level 2.6 Invocations
 + Level 2.4 Evocations


You had 13 spell levels left.
You knew the following spells:

 Your Spells              Type           Power        Failure   Level  Hunger
a - Blink                 Tloc           N/A          2%          2    #......
b - Shroud of Golubria    Chrm/Tloc      ###.......   6%          2    #......

Your spell library contained the following spells:

 Spells                   Type           Power        Failure   Level  Hunger
 Teleport Other           Tloc           ###.....     5%          3    ###....
 Passage of Golubria      Tloc           N/A          17%         4    ####...
 Gell's Gravitas          Tloc           ###.......   5%          3    ###....
 Lesser Beckoning         Tloc           ###.......   5%          3    ###....


Dungeon Overview and Level Annotations

Branches:
Dungeon (5/15)             Temple (1/1) D:4

Altars:
Dithmenos
Elyvilon
Kikubaaqudgha
Makhleb
Nemelex Xobeh
Ru
Sif Muna
Trog
Uskayaw
Xom
Yredelemnul
Zin
The Shining One


Innate Abilities, Weirdness & Mutations

Your experience applies equally to all skills.
You have very sharp teeth.
Your uncanny sense of smell can sniff out nearby items.


Message History

All of the chunks of flesh in your inventory have rotted away.
Throwing (i - inventory)
e - 4 tomahawks of dispersal (quivered)
Press: ? - help, Shift-Dir - straight line, f/p - ogre
Aim: an ogre, wielding a giant spiked club (heavily wounded)
You throw a tomahawk of dispersal.
The tomahawk of dispersal hits the ogre.
The ogre blinks!
You see here a club.
Your shroud begins to fray at the edges.
Casting: Shroud of Golubria (safe; 6% risk of failure)
Confirm with . or Enter, or press ? or * to list all spells.
You renew your shroud.
You hit the ogre but do no damage.
The ogre is severely wounded.
The ogre closely misses you.
You hit the ogre.
The ogre is severely wounded.
The ogre hits you with a giant spiked club!!
Ouch! That really hurt!
You die...

######### #)
#.......#############....
.......†...)...##<.......
#.......####....@^.......
#.####### #.....O.......
# #.............
#.............
#......^......
#.........#.##
#.........#.# #.........#
#.........#


You could see an ogre.

Vanquished Creatures
  2 ogres (D:4)
  A scorpion (D:4)
  A howler monkey (D:4)
  3 wights (D:4)
  An orc priest (D:3)
  A worker ant (D:4)
  4 adders
  An ooze (D:3)
  An adder skeleton (D:4)
  A dart slug (D:4)
  3 leopard geckos
  10 orcs
  16 giant cockroaches
  10 hobgoblins
  4 jackals (D:4)
  7 kobolds
  3 quokkas
  4 bats
  6 frilled lizards
  11 goblins
  8 rats
98 creatures vanquished.

Notes
Turn   | Place    | Note
-------+----------+-------------------------------------------
     0 | D:1      | Firebatgyro the Gnoll Warper began the quest for the Orb.
     0 | D:1      | Reached XP level 1. HP: 20/20 MP: 6/6
     0 | D:1      | Upgraded the game from 0.22-a0-422-g9628fc8 to 0.22-a0-425-g89d60a1
    78 | D:1      | Reached XP level 2. HP: 10/26 MP: 7/7
   280 | D:1      | Learned a level 2 spell: Blink
   283 | D:1      | Learned a level 2 spell: Shroud of Golubria
   498 | D:1      | Reached XP level 3. HP: 31/31 MP: 9/9
   624 | D:1      | Reached skill level 5 in Spellcasting
   864 | D:2      | Reached skill level 1 in Invocations
   887 | D:2      | Reached skill level 1 in Short Blades
   887 | D:2      | Reached skill level 1 in Axes
   887 | D:2      | Reached skill level 1 in Maces & Flails
   887 | D:2      | Reached skill level 1 in Polearms
   887 | D:2      | Reached skill level 1 in Staves
   887 | D:2      | Reached skill level 1 in Slings
   887 | D:2      | Reached skill level 1 in Bows
   887 | D:2      | Reached skill level 1 in Crossbows
   887 | D:2      | Reached skill level 1 in Stealth
   887 | D:2      | Reached skill level 1 in Shields
   887 | D:2      | Reached skill level 1 in Unarmed Combat
   887 | D:2      | Reached skill level 1 in Evocations
   888 | D:2      | Reached XP level 4. HP: 26/38 MP: 11/11
  1790 | D:3      | Reached skill level 1 in Conjurations
  1790 | D:3      | Reached skill level 1 in Hexes
  1790 | D:3      | Reached skill level 1 in Charms
  1790 | D:3      | Reached skill level 1 in Summonings
  1790 | D:3      | Reached skill level 1 in Necromancy
  1790 | D:3      | Reached skill level 1 in Transmutations
  1790 | D:3      | Reached skill level 1 in Fire Magic
  1790 | D:3      | Reached skill level 1 in Ice Magic
  1790 | D:3      | Reached skill level 1 in Air Magic
  1790 | D:3      | Reached skill level 1 in Earth Magic
  1790 | D:3      | Reached skill level 1 in Poison Magic
  2215 | D:3      | Reached XP level 5. HP: 42/43 MP: 12/12
  2498 | D:4      | Reached XP level 6. HP: 31/50 MP: 9/13
  2732 | D:4      | Reached skill level 5 in Fighting
  2732 | D:4      | Reached skill level 5 in Long Blades
  2732 | D:4      | Reached skill level 5 in Dodging
  3166 | D:4      | Found a staircase to the Ecumenical Temple.
  3179 | Temple   | Entered the Ecumenical Temple
  3447 | D:4      | Found a white marble altar of Elyvilon.
  3621 | D:4      | Reached XP level 7. HP: 43/56 MP: 15/15
  4077 | D:5      | Entered Level 5 of the Dungeon
  4125 | D:5      | Slain by an ogre

Vault maps used:
D:1:      dpeg_arrival_refuge, minmay_statues_item
D:2:      minmay_roachtagon, marbit_many_paths
D:3:      first_ration
D:4:      overflow_temple_1_default, minmay_temple_entry_glass
D:5:      serial_shops, nicolae_shop_trees, serial_park_tiny_2
Temple:   hc_temple_tempest_star

Skill      XL: |  1  2  3  4  5  6  7 |
---------------+----------------------+-----
Spellcasting   | 5 |  5.6
Invocations    | 1 2 |  2.6
Short Blades   | 1 2 |  2.4
Axes           | 1 2 |  2.4
Maces & Flails | 1 2 |  2.4
Polearms       | 1 2 |  2.4
Staves         | 1 2 |  2.4
Slings         | 1 2 |  2.4
Bows           | 1 2 |  2.4
Crossbows      | 1 2 |  2.4
Stealth        | 1 2 |  2.4
Shields        | 1 2 |  2.4
Unarmed Combat | 1 2 |  2.4
Evocations     | 1 2 |  2.4
Conjurations   | 1 2 |  2.0
Hexes          | 1 2 |  2.0
Charms         | 1 2 |  2.0
Summonings     | 1 2 |  2.0
Necromancy     | 1 2 |  2.0
Transmutations | 1 2 |  2.0
Fire Magic     | 1 2 |  2.0
Ice Magic      | 1 2 |  2.0
Air Magic      | 1 2 |  2.0
Earth Magic    | 1 2 |  2.0
Poison Magic   | 1 2 |  2.0
Throwing       | 3 |  3.5
Armour         | 3 |  3.5
Fighting       | 5 |  5.2
Long Blades    | 5 |  5.2
Dodging        | 5 |  5.2
Translocations | |  5.8

Action                   |  1- 3 |  4- 6 |  7- 9 || total
-------------------------+-------+-------+-------++-------
Melee: Falchion          |   107 |   162 |       ||   269
       Bite              |     9 |    34 |     4 ||    47
       Punch             |       |     3 |       ||     3
       Long sword        |       |    32 |    34 ||    66
 Fire: Blowgun           |       |     3 |       ||     3
Throw: Tomahawk          |       |       |     2 ||     2
 Cast: Shroud of Golubri |       |     4 |     3 ||     7
  Use: Scroll            |       |     4 |       ||     4
 Stab: Sleeping          |     3 |     3 |       ||     6
  Eat: Chunk             |       |     9 |     2 ||    11
Armor: Leather armour    |    35 |    28 |     7 ||    70
Dodge: Dodged            |   108 |   138 |    28 ||   274
       Rpst.: Falchion   |    33 |    44 |       ||    77
       Long sword        |       |     5 |     8 ||    13

Table legend:
 A = Spawn XP
 B = Non-spawn XP
 C = Spawn XP percentage of total XP
 D = Spawn monster count
 E = Non-spawn monster count
 F = Spawn count percentage of total count
 G = Total turns spent on level
                    A         B        C        D         E        F      G
               +---------+---------+-------+---------+---------+-------+---------
         Total |       0 |     844 |   0.0 |       0 |      98 |   0.0 |  4125
               +---------+---------+-------+---------+---------+-------+---------
           D:1 |       0 |      38 |   0.0 |       0 |      24 |   0.0 |   760
           D:2 |       0 |      68 |   0.0 |       0 |      31 |   0.0 |   944
           D:3 |       0 |     122 |   0.0 |       0 |      24 |   0.0 |   736
           D:4 |       0 |     611 |   0.0 |       0 |      17 |   0.0 |  1372
           D:5 |       0 |       5 |   0.0 |       0 |       2 |   0.0 |    48
               +---------+---------+-------+---------+---------+-------+---------
